 Dungeon Crawl Stone Soup version 0.28.0 (webtiles) character file.

Game seed: 7752352264265919417

27 Majang the Sneak (level 2, -1/14 HPs)
             Began as a Felid Delver on Feb 18, 2022.
             Slain by an adder (2 damage)
             ... on level 2 of the Dungeon.
             The game lasted 00:05:15 (1922 turns).

Majang the Sneak (Felid Delver)                     Turns: 1922, Time: 00:05:16

Health: -1/14      AC:  1    Str:  8    XL:     2   Next: 93%
Magic:  3/3        EV: 17    Int: 11    God:
Gold:   26         SH:  0    Dex: 17    Spells: 1/1 levels left
                                        Lives:  0   Deaths: 0

rFire   . . .      SeeInvis +     - Unarmed
rCold   . . .      Faith    .   (shield unavailable)
rNeg    . . .      Spirit   .   (armour unavailable)
rPois   .          Reflect  .   (helmet unavailable)
rElec   .          Harm     .   (cloak unavailable)
rCorr   .          Rampage  .   (gloves unavailable)
Will    .....                   (boots unavailable)
Stlth   +++.......              (no amulet)
HPRegen 0.04/turn               (no ring)
MPRegen 0.08/turn               (no ring)

@: mighty, flying, hasted, very quick
A: very small, claws 1, fangs 3, see invisible, speed 1, shaggy fur 1, stealthy
paws, no weapons or thrown items, no armour, multi-lived
a: no special abilities


You were on level 2 of the Dungeon.
You visited 1 branch of the dungeon, and saw 5 of its levels.

You collected 26 gold pieces.

Inventory:

Wands
 e - a wand of digging (3)
Scrolls
 a - a scroll of fog
 b - a scroll of magic mapping
 c - 2 scrolls of fear
 f - 2 scrolls of identify {unknown}
 g - a scroll of vulnerability {unknown}
 i - a scroll of noise {unknown}


   Skills:
 + Level 3.3 Fighting
 - Level 2.6 Dodging
 - Level 6.6 Stealth
 * Level 3.1 Unarmed Combat


You had one spell level left.
You didn't know any spells.
Your spell library contained the following spells:

 Spells                   Type           Power      Damage    Failure   Level
 Ignite Poison            Fire/Tmut/Pois 0%         N/A       71%         3
 Mephitic Cloud           Conj/Pois/Air  0%         N/A       71%         3
 Freezing Cloud           Conj/Ice/Air   0%         6-21      100%        5


Dungeon Overview and Level Annotations

Branches:
Dungeon (5/15)
 Temple: D:4-7

Altars:
Gozag

Shops:
D:3 ?

Annotations:
D:3 Sigmund


Innate Abilities, Weirdness & Mutations

You have sharp claws.
You have razor-sharp teeth.
You have supernaturally acute eyesight. (SInv)
You cover ground quickly. (Speed+)
You are covered in fur. (AC +1)
Your paws help you pounce on unaware monsters.
You are incapable of wielding weapons or throwing items.
You cannot wear armour.
You gain extra lives every three experience levels.


Message History

(D) Dungeon
Where to? (? - help)
What level of the Dungeon? (default 1, ? - help)
You see here a +2 whip of venom.
You see here a +0 ring mail.
There is an open door here.
There is a stone staircase leading down here.
You climb downwards.
There is a stone staircase leading up here.
Found a quarterstaff.
You see here a +0 quarterstaff.
Found 12 arrows and a ring mail.
Found a stone staircase leading up.
A rat comes into view.
The helpless rat fails to defend itself.
You mangle the rat!!
You kill the rat!
A rat comes into view.
You see here a rat corpse.
You pounce on the unaware helpless rat!
You mangle the rat!!
You kill the rat!
An adder comes into view.
The adder hisses angrily.
You miss the adder. The adder bites you.
You are poisoned.
The adder poisons you!
You feel sick.
You feel sick. The adder misses you.
You feel yourself speed up.
You feel sick. The adder misses you.
You miss the adder.
You feel sick. The adder bites you.
* * * LOW HITPOINT WARNING * * *
It was a potion of flight.
You feel very buoyant.
You fly up into the air.
The adder closely misses you.
It was a potion of might.
You feel very mighty all of a sudden.
* * * LOW HITPOINT WARNING * * *
You feel sick.
You are no longer poisoned.
You barely miss the adder. The adder bites you.
You die...

#.# #<# #........
#.#####.#### #.#######
#..........# #.#
#..####.##.# #.#
#..####.##.#####.##
#...............#.##
##.##
#.##.###.###.#####
#.##.####S# #.#
##..... .........@# ##
##.##### ...#.###..#
#.###### .........##.#
#.#......
###.........#
###.##### ##.##.#####
#<.....
#.##.###########......
#..........†......(...
###########.####..[...
#...........


You could see an adder.

Vanquished Creatures
  3 ball pythons (D:1)
  An endoplasm (D:1)
  2 goblins (D:1)
  A hobgoblin (D:1)
  2 quokkas (D:1)
  2 bats (D:1)
  3 frilled lizards (D:1)
  8 kobolds
  4 rats
26 creatures vanquished.

Vanquished Creatures (others)
  4 fungi (D:2)
  5 plants (D:2)
9 creatures vanquished.

Grand Total: 35 creatures vanquished

Notes
Turn   | Place    | Note
-------+----------+-------------------------------------------
     0 | D:5      | Majang the Felid Delver began the quest for the Orb.
     0 | D:5      | Reached XP level 1. HP: 10/10 MP: 2/2
     5 | D:5      | Noticed a black bear
    77 | D:4      | Found an opulent altar of Gozag.
    98 | D:4      | Noticed a necrophage
   128 | D:3      | Found Qiofrikh's Magic Scroll Shoppe.
   151 | D:3      | Noticed Sigmund
   962 | D:1      | Reached XP level 2. HP: 14/14 MP: 3/3
  1922 | D:2      | Slain by an adder

Illustrated notes

Levels and vault maps discovered:
D:1:      dpeg_arrival_windows_large_door, layout_basic
D:2:      layout_loops_ring, dreamdust_ecumenical_altar_hidden_monk_grotto
D:3:      layout_loops_ring, lemuel_tele_altar, mainiacjoe_overflow_alcove_2,
          mainiacjoe_overflow_boulevard, mainiacjoe_overflow_small_starburst,
          serial_shops, nicolae_shop_waterfront, shop_scrolls,
          nicolae_shop_bloodbath_and_beyond, kennysheep_orc_chapel, uniq_sigmund
D:4:      layout_loops_corners, nicolae_ru_great_annihilating_truth,
          grunt_gozag_breadcrumbs, enter_ossuary_1, kennysheep_cluttered_room,
          uniq_blork_the_orc, uniq_menkaure
D:5:      layout_layer_cave, kennysheep_mini, serial_shops, nicolae_shop_trees,
          dk_vineyard_2

Skill      XL: |  1  2 |
---------------+-------+-----
Unarmed Combat | 3 |  3.1
Fighting       | |  3.3
Dodging        | |  2.6
Stealth        | |  6.6

Action                   || total
-------------------------++-------
Melee: Unarmed           ||    71
       Bite              ||     3
       Punch             ||     1
  Use: Potion            ||     3
 Stab: Sleeping          ||     8
Armor: Skin              ||     2
Dodge: Dodged            ||    49
